 Dungeon Crawl Stone Soup version 0.15-a0-171-ge5ebe08 (webtiles) character file.

1696 PolkaDot the Ruinous (level 8, -4/52 HPs)
             Began as a Vampire Conjurer on Apr 18, 2014.
             Was a Follower of Sif Muna.
             Killed from afar by an electric eel (11 damage)
             ... with a bolt of electricity
             ... on Level 6 of the Dungeon.
             The game lasted 00:22:15 (4025 turns).

PolkaDot the Ruinous (Vampire Conjurer)             Turns: 4025, Time: 00:22:15

HP  -4/52        AC  5     Str  7      XL: 8   Next: 29%
MP  13/13        EV 12     Int 19      God: Sif Muna [*.....]
Gold 412         SH 10     Dex 14      Spells:  3 memorised,  4 levels left

rFire  x . .     SeeInvis +     j - +4,+2 long sword
rCold  + . .     Clarity  .     a - +0 robe
rNeg   + . .     Conserve .     A - +0 buckler
rPois  .         rCorr    .     (no helmet)
rElec  .         rRot     .     m - +1 cloak
SustAb . .       Spirit   .     w - +0 pair of gloves
rMut   .         Warding  .     (no boots)
Saprov . . .     Stasis   .     p - amulet of rage
MR     .....                    D - ring of ice
                                l - ring of regeneration

@: not resistant to hostile enchantments, stealthy
A: bottle blood, fangs 3, see invisible, unbreathing
a: Bat Form, Bottle Blood, Channel Energy, Renounce Religion, Evoke Berserk Rage


You were on level 6 of the Dungeon.
You worshipped Sif Muna.
Sif Muna was aware of your devotion.
You were not thirsty.

You visited 1 branch of the dungeon, and saw 6 of its levels.

You collected 412 gold pieces.

Inventory:

Hand weapons
 j - a +4,+2 long sword (weapon)
Armour
 a - a +0 robe (worn)
 m - a +1 cloak (worn)
 w - a +0 pair of gloves (worn)
 A - a +0 buckler (worn)
Magical devices
 n - a wand of hasting (8)
 y - a wand of random effects (11)
Scrolls
 b - 6 scrolls of remove curse
 d - 2 scrolls of teleportation
 f - a scroll of identify
 g - 2 scrolls of fog
Jewellery
 l - a ring of regeneration (left hand)
 o - an uncursed ring of poison resistance
 p - an amulet of rage (around neck)
 v - a +3 ring of evasion
 D - a ring of ice (right hand)
Potions
 e - 6 potions of curing
 h - a potion of brilliance
 i - a potion of berserk rage {unknown}
 r - a potion of degeneration {!q}
 t - a potion of restore abilities
Books
 c - a book of Conjurations

   Spells                             Type                      Level
   *Magic Dart                        Conjuration                  1
   *Searing Ray                       Conjuration                  2
   Dazzling Spray                     Conjuration/Hexes            3
   Fulminant Prism                    Conjuration/Hexes            4
   *Iskenderun's Mystic Blast         Conjuration                  4
   Iskenderun's Battlesphere          Conjuration/Charms           5


   Skills:
   Level 0.7 Short Blades
 - Level 0.4 Long Blades
 - Level 2.1 Dodging
 - Level 3.0 Stealth
 + Level 4.0 Shields
 - Level 2.0 Spellcasting
 * Level 7.4 Conjurations


You had 4 spell levels left.
You knew the following spells:

 Your Spells              Type           Power        Failure   Level  Hunger
a - Magic Dart            Conj           ####         1%          1    #......
d - Iskenderun's Mystic   Conj           ####....     12%         4    #####..
s - Searing Ray           Conj           ####..       1%          2    ##.....


Dungeon Overview and Level Annotations

Branches:
Dungeon (6/15)
 Temple: D:4-7

Altars:
Cheibriados
Fedhas
Sif Muna
Xom
The Shining One


Innate Abilities, Weirdness & Mutations

You can bottle blood from corpses.
You have razor-sharp teeth.*
You have supernaturally acute eyesight.
You can survive without breathing.*


Message History

Evoke which item? (* to show all) (? for menu, Esc to quit)
Zapping:
n - a twisted wooden wand {recharged}
Press: ? - help, Shift-Dir - straight line, f - electric eel
Aim: an electric eel (resting)
The electric eel seems to speed up.
n - a wand of hasting {zapped: 1} The electric eel shoots out a bolt of electricity!
The bolt of electricity hits you!
The electric eel shoots out a bolt of electricity!
The bolt of electricity hits you!
The electric eel shoots out a bolt of electricity!
The bolt of electricity hits you!
The electric eel shoots out a bolt of electricity!
The bolt of electricity hits you!
The electric eel shoots out a bolt of electricity!
The bolt of electricity hits you!
* * * LOW HITPOINT WARNING * * *
The electric eel shoots out a bolt of electricity!
The bolt of electricity hits you!
You die...

#........###♣♣♣PPP≈.≈≈≈≈P
#........# ≈≈PP≈.≈≈≈♣♣
#........# ≈≈≈≈≈.≈≈≈♣
#........# P≈≈≈.≈
#........# ≈≈≈≈
#........# ≈ #........# P
#..####..# ≈≈≈ #..#
#.@####♣P≈P≈≈ #..#
#.......;P≈≈≈ #..#
#........≈≈≈. #..#
#..#####..≈♣. #..####%.#
... #........# #
#........# #........#
#........#


You could see an electric eel.

Vanquished Creatures
  Prince Ribbit (D:5)
  A water moccasin (D:5)
  A phantom (D:5)
  A giant goldfish (D:6)
  The ghost of casual the Changer, an average LOTm (D:3)
  2 centaurs
  Sigmund (D:5)
  Blork the orc (D:5)
  A scorpion (D:5)
  A jelly (D:4)
  A hound (D:5)
  An orc wizard (D:4)
  An orc priest (D:5)
  Natasha (D:6)
  2 iguanas
  2 worker ants (D:4)
  3 adders
  3 gnolls (D:3)
  2 shadow imps
  3 giant geckos
  An ooze (D:2)
  9 orcs
  2 ball pythons
  3 giant cockroaches
  7 goblins
  13 hobgoblins
  3 jackals (D:5)
  2 quokkas
  5 bats
  A giant gecko skeleton (D:4)
  4 giant newts
  A hobgoblin zombie (D:6)
  10 kobolds
  7 rats
  A rat zombie (D:5)
99 creatures vanquished.

Notes
Turn   | Place    | Note
--------------------------------------------------------------
     0 | D:1      | PolkaDot, the Vampire Conjurer, began the quest for the Orb.
     0 | D:1      | Reached XP level 1. HP: 13/13 MP: 3/3
   367 | D:1      | Reached XP level 2. HP: 19/19 MP: 1/4
   924 | D:2      | Reached XP level 3. HP: 12/24 MP: 1/6
   944 | D:2      | Learned a level 2 spell: Searing Ray
  1190 | D:2      | Found a shimmering altar of Xom.
  1602 | D:3      | Noticed casual's ghost (average LOTm)
  1614 | D:3      | Killed casual's ghost
  1614 | D:3      | Reached skill level 4 in Conjurations
  1614 | D:3      | Reached XP level 4. HP: 26/30 MP: 1/7
  1636 | D:3      | Found a glowing golden altar of the Shining One.
  1862 | D:3      | Found a snail-covered altar of Cheibriados.
  1880 | D:3      | Reached XP level 5. HP: 35/35 MP: 9/9
  2185 | D:4      | Reached skill level 5 in Conjurations
  2577 | D:4      | Reached XP level 6. HP: 36/41 MP: 0/10
  2597 | D:4      | Found a blossoming altar of Fedhas.
  2659 | D:4      | Reached skill level 1 in Shields
  2769 | D:5      | Entered Level 5 of the Dungeon
  2786 | D:5      | Noticed Prince Ribbit
  2814 | D:5      | Noticed Blork the orc
  2963 | D:5      | Reached skill level 6 in Conjurations
  2963 | D:5      | Reached XP level 7. HP: 17/46 MP: 2/12
  3059 | D:5      | Found a deep blue altar of Sif Muna.
  3097 | D:5      | Became a worshipper of Sif Muna the Loreminder
  3120 | D:5      | Killed Blork the orc
  3219 | D:4      | Learned a level 4 spell: Iskenderun's Mystic Blast
  3360 | D:5      | Noticed Sigmund
  3383 | D:5      | Killed Sigmund
  3633 | D:5      | Killed Prince Ribbit
  3633 | D:5      | Reached skill level 7 in Conjurations
  3633 | D:5      | Reached XP level 8. HP: 19/52 MP: 0/13
  3752 | D:6      | Acquired Sif Muna's first power
  3789 | D:6      | Noticed Natasha
  3801 | D:6      | Killed Natasha
  4025 | D:6      | Killed from afar by an electric eel

Action                   |  1- 3 |  4- 6 |  7- 9 || total
-------------------------+-------+-------+-------++-------
Melee: Unarmed           |    29 |       |       ||    29
       Club              |    27 |       |       ||    27
       Long sword        |    46 |    42 |    15 ||   103
       Dagger            |       |   111 |    94 ||   205
 Cast: Magic Dart        |    30 |     6 |       ||    36
       Searing Ray       |     2 |    14 |    13 ||    29
       Iskenderun's Myst |       |       |    11 ||    11
Evoke: Wand              |       |     1 |     1 ||     2
  Use: Potion            |     4 |     2 |     2 ||     8
       Scroll            |       |    15 |     3 ||    18
 Stab: Sleeping          |     2 |     2 |       ||     4
